Atomiques vs Wiprows
Created - 25 janvier 2016 at 19:13
Goals
|
| Atomiques |
2 |
2 |
5 |
9 |
| Wiprows |
2 |
0 |
3 |
5 |
|
Shots
|
| Atomiques |
5 |
6 |
16 |
27 |
| Wiprows |
7 |
10 |
14 |
31 |
|
1st period
1. Wiprows , T.J. Oshie 26 (Gord Baldwin) at 1:43
2. Atomiques , John McCarthy 4 (Clayton Stoner) at 16:29
3. Wiprows , Maxime Macenauer 7 (Matt Beleskey, Thomas Hickey) at 17:23
4. Atomiques , Alex Berry 7 (Andrew Kozek, Brett Sutter) at 19:34
Penalties :
Tyler Brenner (STB) for Charging (Double Minor) at 4:09
2nd period
5. Atomiques , Victor Hedman 2 (Tyler Brenner) at 11:39 (PP)
6. Atomiques , Nick Johnson 11 (Victor Hedman, Marc-André Cliche) at 18:20 (PP)
Penalties :
Arturs Kulda (Win) for Interference (Minor) at 11:25, Thomas Hickey (Win) for Interference (Minor) at 17:01, Jordan Szwarz (Win) for Cross-checking (Minor) at 19:16
3rd period
7. Atomiques , Marc-André Cliche 11 (Kenndal McArdle, Alexander Sulzer) at 2:39
8. Atomiques , Kenndal McArdle 18 (Clayton Stoner, Marc-André Cliche) at 5:17
9. Wiprows , Linden Vey 8 (Éric Belanger, Drayson Bowman) at 6:26
10. Atomiques , Brad Winchester 21 (Tyler Kennedy) at 9:25
11. Atomiques , Victor Hedman 3 (Alexander Sulzer) at 11:04 (PP)
12. Atomiques , Tyler Kennedy 28 (Clayton Stoner) at 11:33
13. Wiprows , Drayson Bowman 11 (Linden Vey, Éric Belanger) at 12:22
14. Wiprows , Linden Vey 9 (Éric Belanger, Drayson Bowman) at 13:51
Penalties :
Tyler Kennedy (STB) for Diving (Minor) at 3:01, Jordan Szwarz (Win) for High sticking (Minor) at 10:25, Alex Berry (STB) for Elbowing (Minor) at 19:26
Goalie Stats
Alex Auld (STB), 26 saves from 31 shots - (0,839), W, 10-12-0, 60:00 minutes
Calvin Pickard (Win), 6 saves from 10 shots - (0,600), 38:20 minutes
Anders Lindback (Win), 12 saves from 17 shots - (0,706), L, 11-13-5, 21:40 minutes
Players Stats for Atomiques
Player Name G A P +/- PIM S H SB GA TA FO MP PP MP PK MP
------------------------------------------------------------------------------------
Alex Berry 1 0 1 0 2 2 1 0 0 0 0/0 10:30 0:00 0:00
Alexander Sulzer 0 2 2 1 0 0 1 1 1 0 0/0 29:35 2:53 3:47
Andrew Kozek 0 1 1 0 0 2 2 0 1 1 0/0 12:21 0:00 1:48
Anthony Nigro 0 0 0 0 0 0 1 0 0 0 0/4 6:50 0:00 0:00
Brad Winchester 1 0 1 0 0 2 4 1 2 0 2/9 23:43 2:34 3:19
Brett Connolly 0 0 0 0 0 0 1 0 0 0 0/0 6:50 0:00 0:00
Brett Sutter 0 1 1 0 0 1 1 0 0 0 3/6 12:20 0:00 1:48
Clayton Stoner 0 3 3 1 0 2 1 0 0 0 0/0 19:36 1:18 2:10
John McCarthy 1 0 1 0 0 3 2 0 0 0 0/0 9:03 0:00 2:13
Kenndal McArdle 1 1 2 1 0 2 1 0 1 0 0/0 17:18 1:37 1:36
Kyle Wharton 0 0 0 -1 0 0 0 2 0 0 0/0 10:49 0:00 0:34
Marc-André Cliche 1 2 3 1 0 3 0 0 0 0 8/11 15:48 1:37 0:05
Nick Johnson 1 0 1 1 0 2 1 0 0 2 0/0 15:42 1:37 0:00
Scott Jackson 0 0 0 -1 0 1 0 0 0 0 0/0 10:49 0:00 0:34
Shawn Belle 0 0 0 1 0 0 3 1 2 1 0/0 19:36 1:18 2:10
Tyler Brenner 0 1 1 0 4 1 1 0 0 1 7/37 20:29 2:34 0:05
Tyler Kennedy 1 1 2 0 2 3 1 0 0 2 2/3 22:32 2:34 2:08
Victor Hedman 2 1 3 1 0 3 3 2 2 3 0/0 29:35 2:53 3:47
Players Stats for Wiprows
Player Name G A P +/- PIM S H SB GA TA FO MP PP MP PK MP
------------------------------------------------------------------------------------
Arturs Kulda 0 0 0 -1 2 1 2 5 2 1 0/0 26:00 3:19 3:11
Brandon Bollig 0 0 0 -1 0 0 0 0 0 1 0/1 6:22 0:00 0:00
Cade Fairchild 0 0 0 -1 0 0 2 0 0 1 0/0 15:01 0:30 0:46
Drayson Bowman 1 2 3 2 0 4 6 1 0 0 0/0 17:01 2:45 0:00
Éric Belanger 0 3 3 2 0 2 2 1 0 1 15/20 17:01 2:45 0:00
Eric Tangradi 0 0 0 -1 0 3 2 1 0 1 0/0 20:53 3:08 0:40
Gord Baldwin 0 1 1 1 0 1 0 1 1 0 0/0 21:23 2:58 2:19
Jonathan Tremblay 0 0 0 -1 0 1 1 0 0 0 0/0 9:38 0:00 3:16
Jordan Szwarz 0 0 0 -1 4 1 1 1 1 0 0/1 12:24 0:36 0:15
Kevin Connauton 0 0 0 1 0 1 0 4 0 0 0/0 18:54 2:58 0:00
Linden Vey 2 1 3 2 0 4 2 0 0 1 0/0 17:01 2:45 0:00
Matt Bartkowski 0 0 0 -1 0 1 1 0 0 1 0/0 13:47 0:14 0:00
Matt Beleskey 0 1 1 -1 0 0 3 1 1 0 0/0 12:13 0:38 0:00
Maxime Macenauer 1 0 1 -1 0 1 0 1 0 0 9/12 15:02 0:00 3:23
Michael Chaput 0 0 0 -1 0 0 1 1 0 0 0/2 7:46 0:40 0:48
Nick Bonino 0 0 0 -1 0 2 1 1 2 2 23/33 20:11 3:06 0:00
T.J. Oshie 1 0 1 -1 0 7 0 3 2 0 1/1 20:15 3:10 0:00
Thomas Hickey 0 1 1 -1 2 2 2 1 1 0 0/0 24:53 3:03 2:06
3 Stars
1 - Drayson Bowman (Win)
2 - Linden Vey (Win)
3 - Victor Hedman (STB)
Power Play
Atomiques - 3 on 4 Attempt(s) - 75,00%
Wiprows - 0 on 4 Attempt(s) - 0,00%
Penalty Kill
Atomiques - 4 on 4 Attempt(s) - 100,00%
- Score 0 goal in Penalty Kill
Wiprows - 1 on 4 Attempt(s) - 25,00%
- Score 0 goal in Penalty Kill
Team Stat
Atomiques - Hits : 24 - Faceoff Wins : 22 - Blocked Shots : 7 - Penalty Minutes : 8
Wiprows - Hits : 26 - Faceoff Wins : 48 - Blocked Shots : 22 - Penalty Minutes : 8
Official
Referees : McCreary Bill and Watson Brad
Linesman : Vaughan Rody and Thor Nelson
Game Notes
Anders Lindback enters game at 18:20 of 2nd period
Finance
Level 1 -- Attendance: 1422 (71,10%) -- Ticket Income 39 816 $
Level 2 -- Attendance: 649 (64,90%) -- Ticket Income 8 437 $
Total Attendance: 2071 (69,03%)
Total Ticket Income: 48 253 $
Other Income: 2 413 $
Total Income: 50 666 $
Atomiques
5 vs 5 Forward
Center Left Wing Right Wing Time % Phy DF OF
1 Tyler Brenner Brad Winchester Tyler Kennedy 40 1 2 2
2 Marc-André Cliche Kenndal McArdle Nick Johnson 30 1 2 2
3 Brett Sutter Andrew Kozek Alex Berry 20 1 2 2
4 Anthony Nigro John McCarthy Brett Connolly 10 1 2 2
5 vs 5 Defense
Defense Defense Time % Phy DF OF
1 Alexander Sulzer Victor Hedman 40 1 2 2
2 Shawn Belle Clayton Stoner 30 1 2 2
3 Kyle Wharton Scott Jackson 20 1 2 2
4 Alexander Sulzer Victor Hedman 10 1 2 2
PowerPlay Forward
Center Left Wing Right Wing Time % Phy DF OF
1 Tyler Brenner Brad Winchester Tyler Kennedy 60 1 2 2
2 Marc-André Cliche Kenndal McArdle Nick Johnson 40 1 2 2
PowerPlay Defense
Defense Defense Time % Phy DF OF
1 Alexander Sulzer Victor Hedman 60 1 2 2
2 Shawn Belle Clayton Stoner 40 1 2 2
Penalty Kill 4 Players Forward
Center Wing Time % Phy DF OF
1 Brad Winchester Tyler Kennedy 60 1 2 2
2 Tyler Brenner Kenndal McArdle 40 1 2 2
Penalty Kill 4 Players Defense
Defense Defense Time % Phy DF OF
1 Alexander Sulzer Victor Hedman 60 1 2 2
2 Shawn Belle Clayton Stoner 40 1 2 2
Penalty Kill - 3 Players Forward
Forward Time % Phy DF OF
1 Brad Winchester 60 1 2 2
2 Tyler Kennedy 40 1 2 2
Penalty Kill - 3 Players Defense
Defense Defense Time % Phy DF OF
1 Alexander Sulzer Victor Hedman 60 1 2 2
2 Shawn Belle Clayton Stoner 40 1 2 2
4 vs 4 Forward
Center Wing Time % Phy DF OF
1 Brad Winchester Tyler Kennedy 60 1 2 2
2 Tyler Brenner Kenndal McArdle 40 1 2 2
4 vs 4 Defense
Defense Defense Time % Phy DF OF
1 Alexander Sulzer Victor Hedman 60 1 2 2
2 Shawn Belle Clayton Stoner 40 1 2 2
Last Minutes Offensive
Center Left Wing Right Wing Defense Defense
Tyler Brenner Brad Winchester Tyler Kennedy Alexander Sulzer Victor Hedman
Last Minutes Defensive
Center Left Wing Right Wing Defense Defense
Tyler Brenner Brad Winchester Tyler Kennedy Alexander Sulzer Victor Hedman
Goaltenders
Starting : Alex Auld
Backup : Jeremy Smith
Extra Forwards
Normal : Andrew Kozek, Brett Sutter, John McCarthy - PP : Andrew Kozek, Brett Sutter - PK : John McCarthy
Extra Defensemen
Normal : Kyle Wharton, Scott Jackson, Shawn Belle - PP : Kyle Wharton - PK : Scott Jackson, Shawn Belle
Penalty Shots
Brad Winchester, Tyler Kennedy, Tyler Brenner, Kenndal McArdle, Nick Johnson
Wiprows
5 vs 5 Forward
Center Left Wing Right Wing Time % Phy DF OF
1 Nick Bonino Eric Tangradi T.J. Oshie 35 1 2 2
2 Éric Belanger Drayson Bowman Linden Vey 30 1 2 2
3 Maxime Macenauer Matt Beleskey Jordan Szwarz 25 1 2 2
4 Michael Chaput Brandon Bollig Jonathan Tremblay 10 1 2 2
5 vs 5 Defense
Defense Defense Time % Phy DF OF
1 Arturs Kulda Thomas Hickey 39 1 2 2
2 Gord Baldwin Kevin Connauton 33 1 2 2
3 Matt Bartkowski Cade Fairchild 27 1 2 2
4 Arturs Kulda Thomas Hickey 1 1 2 2
PowerPlay Forward
Center Left Wing Right Wing Time % Phy DF OF
1 Nick Bonino Eric Tangradi T.J. Oshie 60 1 0 4
2 Éric Belanger Drayson Bowman Linden Vey 40 1 0 4
PowerPlay Defense
Defense Defense Time % Phy DF OF
1 Arturs Kulda Thomas Hickey 60 1 0 4
2 Gord Baldwin Kevin Connauton 40 1 0 4
Penalty Kill 4 Players Forward
Center Wing Time % Phy DF OF
1 Maxime Macenauer Jonathan Tremblay 60 1 4 0
2 Michael Chaput Jordan Szwarz 40 1 4 0
Penalty Kill 4 Players Defense
Defense Defense Time % Phy DF OF
1 Arturs Kulda Thomas Hickey 60 1 4 0
2 Gord Baldwin Cade Fairchild 40 1 4 0
Penalty Kill - 3 Players Forward
Forward Time % Phy DF OF
1 Éric Belanger 60 1 4 0
2 T.J. Oshie 40 1 4 0
Penalty Kill - 3 Players Defense
Defense Defense Time % Phy DF OF
1 Arturs Kulda Thomas Hickey 60 1 4 0
2 Gord Baldwin Cade Fairchild 40 1 4 0
4 vs 4 Forward
Center Wing Time % Phy DF OF
1 Nick Bonino T.J. Oshie 60 1 2 2
2 Éric Belanger Drayson Bowman 40 1 2 2
4 vs 4 Defense
Defense Defense Time % Phy DF OF
1 Arturs Kulda Thomas Hickey 60 1 2 2
2 Gord Baldwin Kevin Connauton 40 1 2 2
Last Minutes Offensive
Center Left Wing Right Wing Defense Defense
Nick Bonino Drayson Bowman T.J. Oshie Kevin Connauton Thomas Hickey
Last Minutes Defensive
Center Left Wing Right Wing Defense Defense
Éric Belanger Eric Tangradi Jonathan Tremblay Arturs Kulda Gord Baldwin
Goaltenders
Starting : Calvin Pickard
Backup : Anders Lindback
Extra Forwards
Normal : T.J. Oshie, Nick Bonino, Éric Belanger - PP : Drayson Bowman, T.J. Oshie - PK : Jonathan Tremblay
Extra Defensemen
Normal : Kevin Connauton, Arturs Kulda, Thomas Hickey - PP : Kevin Connauton - PK : Arturs Kulda, Thomas Hickey
Penalty Shots
Éric Belanger, T.J. Oshie, Nick Bonino, Matt Beleskey, Jonathan Tremblay
% Time on Ice - Atomiques
Lines # - Real PCT - Wanted PCT - Time Play
Normal Forward
1 - 36% - 40% - 17:52
2 - 29% - 30% - 14:05
3 - 21% - 20% - 10:31
4 - 14% - 10% - 6:50
Normal Defense
1 - 42% - 40% - 20:32
2 - 33% - 30% - 16:08
3 - 21% - 20% - 10:15
4 - 5% - 10% - 2:23
PP Forward
1 - 61% - 60% - 2:34
2 - 39% - 40% - 1:37
PP Defense
1 - 69% - 60% - 2:53
2 - 31% - 40% - 1:18
PK Forward
1 - 75% - 60% - 4:55
2 - 25% - 40% - 1:36
PK Defense
1 - 67% - 60% - 4:21
2 - 33% - 40% - 2:10
PK3 Forward
1 - 0% - 60%
2 - 0% - 40%
PK3 Defense
1 - 0% - 60%
2 - 0% - 40%
44 Forward
1 - 0% - 60%
2 - 0% - 40%
44 Defense
1 - 0% - 60%
2 - 0% - 40%
Last Minute Offensive - 0:00
Last Minute Defensive - 0:00
Total
Forward - 60:00
Defense - 60:00
|
% Time on Ice - Wiprows
Lines # - Real PCT - Wanted PCT - Time Play
Normal Forward
1 - 35% - 35% - 17:12
2 - 29% - 30% - 14:16
3 - 23% - 25% - 11:28
4 - 13% - 10% - 6:22
Normal Defense
1 - 41% - 39% - 20:07
2 - 33% - 33% - 16:06
3 - 27% - 27% - 13:05
4 - 0% - 1% - 0:00
PP Forward
1 - 54% - 60% - 3:31
2 - 46% - 40% - 3:00
PP Defense
1 - 54% - 60% - 3:33
2 - 46% - 40% - 2:58
PK Forward
1 - 81% - 60% - 3:23
2 - 19% - 40% - 0:48
PK Defense
1 - 82% - 60% - 3:25
2 - 18% - 40% - 0:46
PK3 Forward
1 - 0% - 60%
2 - 0% - 40%
PK3 Defense
1 - 0% - 60%
2 - 0% - 40%
44 Forward
1 - 0% - 60%
2 - 0% - 40%
44 Defense
1 - 0% - 60%
2 - 0% - 40%
Last Minute Offensive - 0:00
Last Minute Defensive - 0:00
Total
Forward - 60:00
Defense - 60:00
|
Play by Play
1st period
0:01 of 1st period - Nick Bonino wins face-off versus Tyler Brenner in neutral zone.
0:29 of 1st period - Slapshot by Victor Hedman.
0:29 of 1st period - Shot Blocked by Drayson Bowman.
0:31 of 1st period - Slapshot by Victor Hedman.
0:31 of 1st period - Shot Blocked by Arturs Kulda.
0:33 of 1st period - Snap shot by Nick Johnson.
0:33 of 1st period - Deflect By Thomas Hickey.
0:33 of 1st period - Shot Misses the Net.
0:33 of 1st period - Puck is out of play.
0:34 of 1st period - Marc-André Cliche wins face-off versus Jordan Szwarz in Wiprows zone.
0:44 of 1st period - Icing by Gord Baldwin.
0:45 of 1st period - Brett Sutter wins face-off versus Maxime Macenauer in Wiprows zone.
1:43 of 1st period - Slapshot by T.J. Oshie.
1:43 of 1st period - Goal by T.J. Oshie - Atomiques : 0 - Wiprows : 1.
1:44 of 1st period - Marc-André Cliche wins face-off versus Brandon Bollig in neutral zone.
1:51 of 1st period - Matt Bartkowski is hit by Victor Hedman.
2:09 of 1st period - Kenndal McArdle is hit by Matt Bartkowski and loses puck.
2:14 of 1st period - Snap shot by Éric Belanger.
2:14 of 1st period - Shot Blocked by Alexander Sulzer.
2:16 of 1st period - Wrist shot by Éric Belanger.
2:16 of 1st period - Shot Misses the Net.
2:18 of 1st period - Slapshot by Arturs Kulda.
2:18 of 1st period - Shot Misses the Net.
2:36 of 1st period - Alexander Sulzer is hit by Eric Tangradi and loses puck.
2:57 of 1st period - Snap shot by Jonathan Tremblay.
2:57 of 1st period - Stopped by Alex Auld without a rebound.
2:58 of 1st period - Brett Sutter wins face-off versus Michael Chaput in Atomiques zone.
3:31 of 1st period - Backhand shot by Tyler Kennedy.
3:31 of 1st period - Shot Misses the Net.
3:56 of 1st period - Icing by Clayton Stoner.
3:57 of 1st period - Éric Belanger wins face-off versus Anthony Nigro in Atomiques zone.
3:58 of 1st period - Snap shot by Linden Vey.
3:58 of 1st period - Stopped by Alex Auld with a rebound.
4:00 of 1st period - Slapshot by Thomas Hickey.
4:00 of 1st period - Deflect By Éric Belanger.
4:00 of 1st period - Shot Misses the Net.
4:00 of 1st period - Puck is out of play.
4:01 of 1st period - Éric Belanger wins face-off versus Tyler Brenner in Atomiques zone.
4:09 of 1st period - Double Minor Penalty to Tyler Brenner for Charging.
4:10 of 1st period - Brad Winchester wins face-off versus Nick Bonino in Atomiques zone.
4:44 of 1st period - Snap shot by John McCarthy.
4:44 of 1st period - Stopped by Calvin Pickard without a rebound.
4:45 of 1st period - Nick Bonino wins face-off versus Brad Winchester in Wiprows zone.
5:36 of 1st period - Brad Winchester is hit by Arturs Kulda and loses puck.
7:37 of 1st period - Linden Vey is hit by John McCarthy and loses puck.
8:09 of 1st period - Penalty to Tyler Brenner is over, Tyler Brenner is back on ice.
8:32 of 1st period - Maxime Macenauer is hit by Alex Berry and loses puck.
9:35 of 1st period - T.J. Oshie is hit by Brad Winchester.
9:56 of 1st period - Victor Hedman is hit by Thomas Hickey and loses puck.
10:56 of 1st period - John McCarthy is hit by Michael Chaput and loses puck.
11:37 of 1st period - Thomas Hickey is hit by Shawn Belle and loses puck.
11:54 of 1st period - Maxime Macenauer is hit by Kenndal McArdle.
12:39 of 1st period - Gord Baldwin is hit by Brett Sutter and loses puck.
13:24 of 1st period - Matt Beleskey is hit by Anthony Nigro and loses puck.
13:52 of 1st period - Thomas Hickey is hit by Clayton Stoner and loses puck.
14:07 of 1st period - Jonathan Tremblay is hit by Tyler Kennedy.
14:43 of 1st period - Arturs Kulda is hit by Shawn Belle.
14:44 of 1st period - Icing by Arturs Kulda.
14:45 of 1st period - Marc-André Cliche wins face-off versus Éric Belanger in Wiprows zone.
15:06 of 1st period - Nick Johnson is hit by Linden Vey and loses puck.
15:22 of 1st period - Kenndal McArdle is hit by Éric Belanger and loses puck.
15:34 of 1st period - Slapshot by Kevin Connauton.
15:34 of 1st period - Stopped by Alex Auld without a rebound.
15:35 of 1st period - Nick Bonino wins face-off versus Tyler Brenner in Atomiques zone.
15:36 of 1st period - Wrist shot by T.J. Oshie.
15:36 of 1st period - Stopped by Alex Auld without a rebound.
15:37 of 1st period - Tyler Brenner wins face-off versus Nick Bonino in Atomiques zone.
15:44 of 1st period - Brad Winchester is hit by Cade Fairchild and loses puck.
16:05 of 1st period - Snap shot by Maxime Macenauer.
16:05 of 1st period - Shot Misses the Net.
16:29 of 1st period - Backhand shot by John McCarthy.
16:29 of 1st period - Goal by John McCarthy - Atomiques : 1 - Wiprows : 1.
16:30 of 1st period - Tyler Brenner wins face-off versus Nick Bonino in neutral zone.
17:07 of 1st period - Slapshot by Kenndal McArdle.
17:07 of 1st period - Shot Misses the Net.
17:23 of 1st period - Snap shot by Maxime Macenauer.
17:23 of 1st period - Goal by Maxime Macenauer - Atomiques : 1 - Wiprows : 2.
17:24 of 1st period - Brad Winchester wins face-off versus Nick Bonino in neutral zone.
17:27 of 1st period - Snap shot by Alexander Sulzer.
17:27 of 1st period - Shot Blocked by Gord Baldwin.
17:49 of 1st period - Nick Johnson is hit by Drayson Bowman and loses puck.
18:11 of 1st period - Slapshot by Clayton Stoner.
18:11 of 1st period - Stopped by Calvin Pickard with a rebound.
18:36 of 1st period - Snap shot by Tyler Kennedy.
18:36 of 1st period - Shot Misses the Net.
18:38 of 1st period - Snap shot by Tyler Brenner.
18:38 of 1st period - Deflect By Tyler Kennedy.
18:38 of 1st period - Shot Misses the Net.
18:38 of 1st period - Puck is out of play.
18:39 of 1st period - Nick Bonino wins face-off versus Tyler Brenner in Wiprows zone.
18:48 of 1st period - Arturs Kulda is hit by Brad Winchester and loses puck.
18:55 of 1st period - Wrist shot by Tyler Brenner.
18:55 of 1st period - Shot Misses the Net.
19:32 of 1st period - Snap shot by Andrew Kozek.
19:32 of 1st period - Stopped by Calvin Pickard with a rebound.
19:34 of 1st period - Snap shot by Andrew Kozek.
19:34 of 1st period - Deflect By Alex Berry.
19:34 of 1st period - Goal by Alex Berry - Atomiques : 2 - Wiprows : 2.
19:35 of 1st period - Nick Bonino wins face-off versus Tyler Kennedy in neutral zone.
19:46 of 1st period - Wrist shot by Nick Bonino.
19:46 of 1st period - Shot Blocked by Victor Hedman.
19:48 of 1st period - Snap shot by Eric Tangradi.
19:48 of 1st period - Shot Misses the Net.
19:50 of 1st period - Snap shot by T.J. Oshie.
19:50 of 1st period - Stopped by Alex Auld without a rebound.
19:51 of 1st period - Marc-André Cliche wins face-off versus Éric Belanger in Atomiques zone.
19:55 of 1st period - Victor Hedman is hit by Drayson Bowman and loses puck.
Goals for this period are 2 for Atomiques vs 2 for Wiprows.
Shots for this period are 5 for Atomiques vs 7 for Wiprows.
2nd period
0:01 of 2nd period - Nick Bonino wins face-off versus Tyler Brenner in neutral zone.
0:11 of 2nd period - Snap shot by Tyler Kennedy.
0:11 of 2nd period - Shot Blocked by T.J. Oshie.
0:13 of 2nd period - Slapshot by Victor Hedman.
0:13 of 2nd period - Shot Blocked by T.J. Oshie.
0:15 of 2nd period - Snap shot by Alexander Sulzer.
0:15 of 2nd period - Shot Blocked by Nick Bonino.
0:25 of 2nd period - Eric Tangradi is hit by Andrew Kozek and loses puck.
1:55 of 2nd period - Wrist shot by Kenndal McArdle.
1:55 of 2nd period - Shot Blocked by Kevin Connauton.
2:49 of 2nd period - Wrist shot by T.J. Oshie.
2:49 of 2nd period - Stopped by Alex Auld with a rebound.
2:51 of 2nd period - Slapshot by Eric Tangradi.
2:51 of 2nd period - Shot Misses the Net.
2:53 of 2nd period - Wrist shot by T.J. Oshie.
2:53 of 2nd period - Stopped by Alex Auld without a rebound.
2:54 of 2nd period - Nick Bonino wins face-off versus Tyler Brenner in Atomiques zone.
3:42 of 2nd period - Alexander Sulzer is hit by Matt Beleskey and loses puck.
3:47 of 2nd period - Slapshot by Matt Beleskey.
3:47 of 2nd period - Shot Blocked by Victor Hedman.
3:49 of 2nd period - Wrist shot by Jordan Szwarz.
3:49 of 2nd period - Stopped by Alex Auld with a rebound.
4:03 of 2nd period - John McCarthy is hit by Nick Bonino and loses puck.
4:43 of 2nd period - Slapshot by Marc-André Cliche.
4:43 of 2nd period - Stopped by Calvin Pickard without a rebound.
4:44 of 2nd period - Marc-André Cliche wins face-off versus Nick Bonino in Wiprows zone.
5:09 of 2nd period - Snap shot by Andrew Kozek.
5:09 of 2nd period - Shot Misses the Net.
5:11 of 2nd period - Slapshot by Clayton Stoner.
5:11 of 2nd period - Deflect By Éric Belanger.
5:11 of 2nd period - Stopped by Calvin Pickard without a rebound.
5:12 of 2nd period - Éric Belanger wins face-off versus Brett Sutter in Wiprows zone.
9:00 of 2nd period - Wrist shot by Nick Bonino.
9:00 of 2nd period - Stopped by Alex Auld without a rebound.
9:01 of 2nd period - Nick Bonino wins face-off versus Tyler Brenner in Atomiques zone.
9:08 of 2nd period - Snap shot by T.J. Oshie.
9:08 of 2nd period - Stopped by Alex Auld with a rebound.
9:10 of 2nd period - Snap shot by Arturs Kulda.
9:10 of 2nd period - Stopped by Alex Auld with a rebound.
9:12 of 2nd period - Wrist shot by Eric Tangradi.
9:12 of 2nd period - Stopped by Alex Auld with a rebound.
9:14 of 2nd period - Wrist shot by Eric Tangradi.
9:14 of 2nd period - Stopped by Alex Auld without a rebound.
9:15 of 2nd period - Éric Belanger wins face-off versus Tyler Brenner in Atomiques zone.
9:40 of 2nd period - Marc-André Cliche is hit by Matt Beleskey and loses puck.
10:08 of 2nd period - Clayton Stoner is hit by Arturs Kulda and loses puck.
10:28 of 2nd period - Snap shot by Drayson Bowman.
10:28 of 2nd period - Stopped by Alex Auld without a rebound.
10:29 of 2nd period - Éric Belanger wins face-off versus Anthony Nigro in Atomiques zone.
10:44 of 2nd period - Slapshot by Éric Belanger.
10:44 of 2nd period - Shot Misses the Net.
10:51 of 2nd period - Icing by John McCarthy.
10:52 of 2nd period - Nick Bonino wins face-off versus Anthony Nigro in Atomiques zone.
11:01 of 2nd period - Slapshot by Eric Tangradi.
11:01 of 2nd period - Shot Misses the Net.
11:03 of 2nd period - Slapshot by Kevin Connauton.
11:03 of 2nd period - Shot Blocked by Kyle Wharton.
11:05 of 2nd period - Slapshot by Gord Baldwin.
11:05 of 2nd period - Deflect By Scott Jackson.
11:05 of 2nd period - Stopped by Alex Auld without a rebound.
11:06 of 2nd period - Tyler Brenner wins face-off versus Éric Belanger in Atomiques zone.
11:06 of 2nd period - Tyler Brenner is hit by Drayson Bowman.
11:25 of 2nd period - Minor Penalty to Arturs Kulda for Interference.
11:26 of 2nd period - Maxime Macenauer wins face-off versus Tyler Brenner in Wiprows zone.
11:39 of 2nd period - Snap shot by Victor Hedman.
11:39 of 2nd period - Goal by Victor Hedman - Atomiques : 3 - Wiprows : 2.
11:40 of 2nd period - Nick Bonino wins face-off versus Tyler Brenner in neutral zone.
12:15 of 2nd period - Slapshot by Alexander Sulzer.
12:15 of 2nd period - Deflect By Marc-André Cliche.
12:15 of 2nd period - Shot Blocked by Kevin Connauton.
12:15 of 2nd period - Puck is out of play.
12:16 of 2nd period - Marc-André Cliche wins face-off versus Nick Bonino in Wiprows zone.
12:27 of 2nd period - Snap shot by Marc-André Cliche.
12:27 of 2nd period - Shot Misses the Net.
12:29 of 2nd period - Wrist shot by Marc-André Cliche.
12:29 of 2nd period - Shot Misses the Net.
12:31 of 2nd period - Wrist shot by Kenndal McArdle.
12:31 of 2nd period - Shot Misses the Net.
13:32 of 2nd period - Snap shot by Arturs Kulda.
13:32 of 2nd period - Shot Misses the Net.
13:44 of 2nd period - Michael Chaput is hit by Alexander Sulzer and loses puck.
14:11 of 2nd period - Kevin Connauton is hit by Brad Winchester and loses puck.
15:20 of 2nd period - Kyle Wharton is hit by Jonathan Tremblay and loses puck.
15:39 of 2nd period - Snap shot by Tyler Kennedy.
15:39 of 2nd period - Stopped by Calvin Pickard without a rebound.
15:40 of 2nd period - T.J. Oshie wins face-off versus Brad Winchester in Wiprows zone.
15:47 of 2nd period - Snap shot by T.J. Oshie.
15:47 of 2nd period - Shot Misses the Net.
16:02 of 2nd period - Nick Bonino is hit by Brad Winchester and loses puck.
16:25 of 2nd period - Gord Baldwin is hit by Brett Connolly and loses puck.
16:35 of 2nd period - Icing by Anthony Nigro.
16:36 of 2nd period - Maxime Macenauer wins face-off versus Marc-André Cliche in Atomiques zone.
16:44 of 2nd period - Icing by Marc-André Cliche.
16:45 of 2nd period - Nick Bonino wins face-off versus Marc-André Cliche in Atomiques zone.
17:01 of 2nd period - Minor Penalty to Thomas Hickey for Interference.
17:02 of 2nd period - Maxime Macenauer wins face-off versus Tyler Brenner in Wiprows zone.
17:14 of 2nd period - Off-side.
17:15 of 2nd period - Maxime Macenauer wins face-off versus Tyler Brenner in neutral zone.
17:47 of 2nd period - Slapshot by Victor Hedman.
17:47 of 2nd period - Deflect By Kenndal McArdle.
17:47 of 2nd period - Shot Blocked by Arturs Kulda.
17:47 of 2nd period - Puck is out of play.
17:48 of 2nd period - Maxime Macenauer wins face-off versus Tyler Brenner in Wiprows zone.
17:59 of 2nd period - Arturs Kulda is hit by Shawn Belle and loses puck.
18:12 of 2nd period - Slapshot by Victor Hedman.
18:12 of 2nd period - Shot Blocked by Arturs Kulda.
18:14 of 2nd period - Slapshot by Kenndal McArdle.
18:14 of 2nd period - Deflect By Nick Johnson.
18:14 of 2nd period - Shot Misses the Net.
18:14 of 2nd period - Puck is out of play.
18:15 of 2nd period - Marc-André Cliche wins face-off versus Michael Chaput in Wiprows zone.
18:16 of 2nd period - Slapshot by Victor Hedman.
18:16 of 2nd period - Shot Misses the Net.
18:18 of 2nd period - Slapshot by Victor Hedman.
18:18 of 2nd period - Shot Misses the Net.
18:20 of 2nd period - Snap shot by Nick Johnson.
18:20 of 2nd period - Goal by Nick Johnson - Atomiques : 4 - Wiprows : 2.
18:20 of 2nd period - Anders Lindback enters game.
18:21 of 2nd period - Nick Bonino wins face-off versus Tyler Brenner in neutral zone.
19:14 of 2nd period - Wrist shot by Nick Johnson.
19:14 of 2nd period - Stopped by Anders Lindback with a rebound.
19:16 of 2nd period - Minor Penalty to Jordan Szwarz for Cross-checking.
19:17 of 2nd period - Maxime Macenauer wins face-off versus Tyler Brenner in Wiprows zone.
19:42 of 2nd period - Jonathan Tremblay is hit by Nick Johnson and loses puck.
19:51 of 2nd period - Snap shot by Kenndal McArdle.
19:51 of 2nd period - Shot Blocked by Maxime Macenauer.
Goals for this period are 2 for Atomiques vs 0 for Wiprows.
Shots for this period are 6 for Atomiques vs 10 for Wiprows.
3rd period
0:01 of 3rd period - Tyler Kennedy wins face-off versus Maxime Macenauer in neutral zone.
0:16 of 3rd period - Slapshot by Alexander Sulzer.
0:16 of 3rd period - Shot Blocked by Arturs Kulda.
0:32 of 3rd period - Slapshot by Alexander Sulzer.
0:32 of 3rd period - Shot Misses the Net.
0:34 of 3rd period - Slapshot by Marc-André Cliche.
0:34 of 3rd period - Shot Misses the Net.
0:36 of 3rd period - Snap shot by Marc-André Cliche.
0:36 of 3rd period - Shot Blocked by Arturs Kulda.
1:16 of 3rd period - Penalty to Jordan Szwarz is over, Jordan Szwarz is back on ice.
1:25 of 3rd period - Icing by Drayson Bowman.
1:26 of 3rd period - Éric Belanger wins face-off versus Brett Sutter in Wiprows zone.
1:34 of 3rd period - Wrist shot by Thomas Hickey.
1:34 of 3rd period - Shot Misses the Net.
1:36 of 3rd period - Snap shot by Linden Vey.
1:36 of 3rd period - Stopped by Alex Auld with a rebound.
1:38 of 3rd period - Snap shot by Éric Belanger.
1:38 of 3rd period - Shot Misses the Net.
1:40 of 3rd period - Snap shot by Linden Vey.
1:40 of 3rd period - Shot Misses the Net.
1:42 of 3rd period - Snap shot by Éric Belanger.
1:42 of 3rd period - Stopped by Alex Auld with a rebound.
2:01 of 3rd period - Off-side.
2:02 of 3rd period - Maxime Macenauer wins face-off versus Tyler Brenner in neutral zone.
2:04 of 3rd period - Cade Fairchild is hit by Victor Hedman and loses puck.
2:37 of 3rd period - Slapshot by Kenndal McArdle.
2:37 of 3rd period - Shot Misses the Net.
2:39 of 3rd period - Slapshot by Marc-André Cliche.
2:39 of 3rd period - Goal by Marc-André Cliche - Atomiques : 5 - Wiprows : 2.
2:40 of 3rd period - Tyler Brenner wins face-off versus Nick Bonino in neutral zone.
2:43 of 3rd period - Snap shot by Brad Winchester.
2:43 of 3rd period - Stopped by Anders Lindback with a rebound.
2:53 of 3rd period - Wrist shot by Tyler Kennedy.
2:53 of 3rd period - Stopped by Anders Lindback with a rebound.
3:01 of 3rd period - Minor Penalty to Tyler Kennedy for Diving.
3:02 of 3rd period - Nick Bonino wins face-off versus Brad Winchester in Atomiques zone.
3:51 of 3rd period - Off-side.
3:52 of 3rd period - Nick Bonino wins face-off versus Brad Winchester in neutral zone.
4:56 of 3rd period - Clayton Stoner is hit by Drayson Bowman and loses puck.
5:01 of 3rd period - Penalty to Tyler Kennedy is over, Tyler Kennedy is back on ice.
5:13 of 3rd period - Wrist shot by Marc-André Cliche.
5:13 of 3rd period - Shot Misses the Net.
5:15 of 3rd period - Slapshot by Clayton Stoner.
5:15 of 3rd period - Shot Misses the Net.
5:17 of 3rd period - Wrist shot by Kenndal McArdle.
5:17 of 3rd period - Goal by Kenndal McArdle - Atomiques : 6 - Wiprows : 2.
5:18 of 3rd period - Tyler Brenner wins face-off versus Nick Bonino in neutral zone.
5:20 of 3rd period - Alexander Sulzer is hit by Thomas Hickey and loses puck.
5:49 of 3rd period - Snap shot by Brad Winchester.
5:49 of 3rd period - Shot Blocked by Kevin Connauton.
5:51 of 3rd period - Slapshot by Alexander Sulzer.
5:51 of 3rd period - Shot Blocked by Kevin Connauton.
5:53 of 3rd period - Wrist shot by Brad Winchester.
5:53 of 3rd period - Shot Misses the Net.
5:55 of 3rd period - Snap shot by Tyler Kennedy.
5:55 of 3rd period - Shot Misses the Net.
5:57 of 3rd period - Snap shot by Tyler Kennedy.
5:57 of 3rd period - Shot Misses the Net.
6:10 of 3rd period - Off-side.
6:11 of 3rd period - Éric Belanger wins face-off versus Marc-André Cliche in neutral zone.
6:22 of 3rd period - Snap shot by Éric Belanger.
6:22 of 3rd period - Shot Blocked by Shawn Belle.
6:24 of 3rd period - Wrist shot by Éric Belanger.
6:24 of 3rd period - Shot Misses the Net.
6:26 of 3rd period - Snap shot by Linden Vey.
6:26 of 3rd period - Goal by Linden Vey - Atomiques : 6 - Wiprows : 3.
6:27 of 3rd period - Nick Bonino wins face-off versus Tyler Brenner in neutral zone.
6:57 of 3rd period - Backhand shot by Clayton Stoner.
6:57 of 3rd period - Deflect By Marc-André Cliche.
6:57 of 3rd period - Shot Misses the Net.
6:57 of 3rd period - Puck is out of play.
6:58 of 3rd period - Éric Belanger wins face-off versus Tyler Brenner in Wiprows zone.
7:31 of 3rd period - Snap shot by Kenndal McArdle.
7:31 of 3rd period - Stopped by Anders Lindback without a rebound.
7:32 of 3rd period - Nick Bonino wins face-off versus Brad Winchester in Wiprows zone.
7:43 of 3rd period - Wrist shot by Brad Winchester.
7:43 of 3rd period - Shot Blocked by Eric Tangradi.
8:09 of 3rd period - Snap shot by Marc-André Cliche.
8:09 of 3rd period - Stopped by Anders Lindback with a rebound.
8:55 of 3rd period - Wrist shot by Drayson Bowman.
8:55 of 3rd period - Stopped by Alex Auld without a rebound.
8:56 of 3rd period - Tyler Kennedy wins face-off versus Nick Bonino in Atomiques zone.
9:03 of 3rd period - Snap shot by Nick Bonino.
9:03 of 3rd period - Shot Misses the Net.
9:07 of 3rd period - Wrist shot by Nick Bonino.
9:07 of 3rd period - Shot Misses the Net.
9:21 of 3rd period - Brad Winchester is hit by Éric Belanger.
9:25 of 3rd period - Slapshot by Brad Winchester.
9:25 of 3rd period - Deflect By Drayson Bowman.
9:25 of 3rd period - Goal by Brad Winchester - Atomiques : 7 - Wiprows : 3.
9:26 of 3rd period - Nick Bonino wins face-off versus Tyler Brenner in neutral zone.
9:37 of 3rd period - Snap shot by Nick Bonino.
9:37 of 3rd period - Stopped by Alex Auld without a rebound.
9:38 of 3rd period - Nick Bonino wins face-off versus Tyler Brenner in Atomiques zone.
9:41 of 3rd period - Wrist shot by Eric Tangradi.
9:41 of 3rd period - Stopped by Alex Auld without a rebound.
9:42 of 3rd period - Nick Bonino wins face-off versus Tyler Brenner in Atomiques zone.
9:43 of 3rd period - Snap shot by T.J. Oshie.
9:43 of 3rd period - Stopped by Alex Auld without a rebound.
9:44 of 3rd period - Nick Bonino wins face-off versus Tyler Brenner in Atomiques zone.
10:25 of 3rd period - Minor Penalty to Jordan Szwarz for High sticking.
10:26 of 3rd period - Maxime Macenauer wins face-off versus Tyler Brenner in Wiprows zone.
10:26 of 3rd period - Maxime Macenauer is hit by Tyler Brenner.
11:04 of 3rd period - Wrist shot by Victor Hedman.
11:04 of 3rd period - Goal by Victor Hedman - Atomiques : 8 - Wiprows : 3.
11:05 of 3rd period - Nick Bonino wins face-off versus Tyler Brenner in neutral zone.
11:08 of 3rd period - Slapshot by Thomas Hickey.
11:08 of 3rd period - Stopped by Alex Auld with a rebound.
11:33 of 3rd period - Wrist shot by Tyler Kennedy.
11:33 of 3rd period - Goal by Tyler Kennedy - Atomiques : 9 - Wiprows : 3.
11:34 of 3rd period - Nick Bonino wins face-off versus Tyler Brenner in neutral zone.
11:43 of 3rd period - Victor Hedman is hit by Eric Tangradi.
11:59 of 3rd period - Eric Tangradi is hit by Andrew Kozek and loses puck.
12:06 of 3rd period - Slapshot by Thomas Hickey.
12:06 of 3rd period - Stopped by Alex Auld without a rebound.
12:07 of 3rd period - Éric Belanger wins face-off versus Tyler Brenner in Atomiques zone.
12:10 of 3rd period - Snap shot by Linden Vey.
12:10 of 3rd period - Deflect By Éric Belanger.
12:10 of 3rd period - Shot Misses the Net.
12:10 of 3rd period - Puck is out of play.
12:11 of 3rd period - Éric Belanger wins face-off versus Brad Winchester in Atomiques zone.
12:14 of 3rd period - Snap shot by Drayson Bowman.
12:14 of 3rd period - Stopped by Alex Auld without a rebound.
12:15 of 3rd period - Éric Belanger wins face-off versus Tyler Brenner in Atomiques zone.
12:18 of 3rd period - Wrist shot by Éric Belanger.
12:18 of 3rd period - Shot Misses the Net.
12:20 of 3rd period - Snap shot by Linden Vey.
12:20 of 3rd period - Shot Blocked by Brad Winchester.
12:22 of 3rd period - Snap shot by Drayson Bowman.
12:22 of 3rd period - Goal by Drayson Bowman - Atomiques : 9 - Wiprows : 4.
12:23 of 3rd period - Tyler Brenner wins face-off versus Éric Belanger in neutral zone.
13:14 of 3rd period - Andrew Kozek is hit by Jordan Szwarz.
13:24 of 3rd period - Brett Sutter is hit by Matt Beleskey and loses puck.
13:39 of 3rd period - Maxime Macenauer is hit by John McCarthy.
13:43 of 3rd period - Slapshot by Matt Bartkowski.
13:43 of 3rd period - Stopped by Alex Auld without a rebound.
13:44 of 3rd period - Éric Belanger wins face-off versus Anthony Nigro in Atomiques zone.
13:47 of 3rd period - Snap shot by Drayson Bowman.
13:47 of 3rd period - Shot Blocked by Kyle Wharton.
13:49 of 3rd period - Wrist shot by Éric Belanger.
13:49 of 3rd period - Stopped by Alex Auld with a rebound.
13:51 of 3rd period - Snap shot by Linden Vey.
13:51 of 3rd period - Goal by Linden Vey - Atomiques : 9 - Wiprows : 5.
13:52 of 3rd period - Tyler Brenner wins face-off versus Nick Bonino in neutral zone.
14:05 of 3rd period - Slapshot by Victor Hedman.
14:05 of 3rd period - Shot Blocked by T.J. Oshie.
14:07 of 3rd period - Snap shot by Tyler Brenner.
14:07 of 3rd period - Stopped by Anders Lindback without a rebound.
14:08 of 3rd period - Marc-André Cliche wins face-off versus Éric Belanger in Wiprows zone.
14:09 of 3rd period - Snap shot by Kenndal McArdle.
14:09 of 3rd period - Shot Misses the Net.
14:35 of 3rd period - Eric Tangradi is hit by Victor Hedman and loses puck.
15:24 of 3rd period - Wrist shot by John McCarthy.
15:24 of 3rd period - Stopped by Anders Lindback with a rebound.
15:26 of 3rd period - Wrist shot by Anthony Nigro.
15:26 of 3rd period - Shot Blocked by Michael Chaput.
15:28 of 3rd period - Slapshot by Victor Hedman.
15:28 of 3rd period - Stopped by Anders Lindback without a rebound.
15:29 of 3rd period - Éric Belanger wins face-off versus Tyler Brenner in Wiprows zone.
15:40 of 3rd period - Snap shot by Brad Winchester.
15:40 of 3rd period - Shot Blocked by Éric Belanger.
15:54 of 3rd period - Kenndal McArdle is hit by Cade Fairchild and loses puck.
16:19 of 3rd period - Wrist shot by Brett Sutter.
16:19 of 3rd period - Stopped by Anders Lindback with a rebound.
16:21 of 3rd period - Slapshot by Clayton Stoner.
16:21 of 3rd period - Deflect By Brett Sutter.
16:21 of 3rd period - Shot Blocked by Jordan Szwarz.
16:21 of 3rd period - Puck is out of play.
16:22 of 3rd period - Éric Belanger wins face-off versus Brett Sutter in Wiprows zone.
16:57 of 3rd period - Slapshot by Andrew Kozek.
16:57 of 3rd period - Shot Misses the Net.
16:59 of 3rd period - Slapshot by Kyle Wharton.
16:59 of 3rd period - Shot Misses the Net.
17:01 of 3rd period - Snap shot by Alex Berry.
17:01 of 3rd period - Deflect By Andrew Kozek.
17:01 of 3rd period - Stopped by Anders Lindback with a rebound.
17:03 of 3rd period - Wrist shot by Alex Berry.
17:03 of 3rd period - Stopped by Anders Lindback without a rebound.
17:04 of 3rd period - Maxime Macenauer wins face-off versus Tyler Brenner in Wiprows zone.
17:30 of 3rd period - Kenndal McArdle is hit by Linden Vey and loses puck.
18:32 of 3rd period - Slapshot by Scott Jackson.
18:32 of 3rd period - Stopped by Anders Lindback without a rebound.
18:33 of 3rd period - Brett Sutter wins face-off versus Maxime Macenauer in Wiprows zone.
18:34 of 3rd period - Snap shot by Alex Berry.
18:34 of 3rd period - Shot Blocked by Matt Beleskey.
18:43 of 3rd period - Off-side.
18:44 of 3rd period - Éric Belanger wins face-off versus Tyler Brenner in neutral zone.
18:49 of 3rd period - Kyle Wharton is hit by Drayson Bowman and loses puck.
19:15 of 3rd period - Snap shot by Marc-André Cliche.
19:15 of 3rd period - Shot Blocked by Thomas Hickey.
19:26 of 3rd period - Minor Penalty to Alex Berry for Elbowing.
19:27 of 3rd period - Nick Bonino wins face-off versus Brad Winchester in Atomiques zone.
19:53 of 3rd period - Tyler Kennedy is hit by Drayson Bowman.
Goals for this period are 5 for Atomiques vs 3 for Wiprows.
Shots for this period are 16 for Atomiques vs 14 for Wiprows.
Back to the Top